 Dungeon Crawl Stone Soup version 0.31-a0-705-ga145531891 (webtiles) character file.

Game seed: 2095883955270991650

5077 Ofeo the Mimic (level 10, -3/80 HPs)
             Began as a Demonspawn Shapeshifter on Sept 9, 2023.
             Slain by an ogre
             ... wielding a +0 halberd
              (16 damage)
             ... in a bailey.
             The game lasted 00:11:43 (9651 turns).

Ofeo the Mimic (Demonspawn Shapeshifter)            Turns: 9651, Time: 00:11:44

Health: -3/80      AC: 16    Str: 19    XL:     10   Next: 31%
Magic:  10/10      EV:  8    Int: 12    God:
Gold:   125        SH:  0    Dex: 18    Spells: 9/9 levels left

rFire   . .          .
                       - Unarmed
rCold   . . .        (shield currently unavailable)
rNeg    . . .        F - +1 chain mail {Will+}
rPois   .            (helmet restricted)
rElec   .            q - +0 cloak
rCorr   .            b - +0 pair of gloves
SInv    .            A - +0 pair of boots
Will    +....        (no amulet) Stlth
                     f - +6 ring of dexterity
HPRegen 1.33/turn    D - +4 ring of protection
MPRegen 0.12/turn

%: no passive effects
@: flux-form, glowing
A: glow, contaminating, antennae 2, demonic guardian 1, powered by death 2,
weakness stinger 1, demonic touch 1
a: Begin Untransformation


You were in a bailey.
You were something dangerously unstable.
You visited 2 branches of the dungeon, and saw 9 of its levels.
You also visited: Bailey.

You collected 436 gold pieces.
You spent 311 gold pieces at shops.

Inventory:

Armour
 b - a +0 pair of gloves (worn)
 q - a +0 cloak (worn)
 A - a +0 pair of boots (worn)
 F - a +1 chain mail of willpower (worn)
Magical Staves
 n - a staff of conjuration
Jewellery
 f - a +6 ring of dexterity (left hand)
 C - a ring of willpower
 D - a +4 ring of protection (right hand)
Talismans
 c - a beast talisman
 d - a flux talisman (active)
Wands
 x - a wand of flame (46)
 z - a wand of digging (5) {@v1}
Scrolls
 a - a scroll of blinking {@r4}
 g - a scroll of revelation
 k - a scroll of silence
 o - a scroll of amnesia
 v - 4 scrolls of teleportation {@r3}
 y - 3 scrolls of vulnerability
 B - 2 scrolls of immolation
 G - a scroll of enchant armour
Potions
 e - 3 potions of enlightenment
 h - a potion of heal wounds {@q2}
 j - 2 potions of degeneration
 l - a potion of lignification
 m - a potion of magic {unknown}
 s - 2 potions of brilliance {unknown}
 t - 2 potions of curing {unknown}
 u - a potion of mutation {unknown}
 w - a potion of attraction {unknown}
 E - a potion of berserk rage {unknown}


   Skills:
 + Level 7.7 Fighting
 - Level 1.8 Dodging
 + Level 7.5 Unarmed Combat
 + Level 9.6 Shapeshifting


You had 9 spell levels left.
You didn't know any spells.
Your spell library contained the following spells:

 Spells                   Type           Power      Damage    Failure   Level
 Magic Dart               Conj           0%         1d3       97%         1
 Blink                    Tloc           0%         N/A       99%         2
 Lesser Beckoning         Tloc           0%         N/A       99%         2
 Momentum Strike          Conj/Tloc      0%         3d8       99%         2
 Searing Ray              Conj           0%         2d4       99%         2
 Fulminant Prism          Conj/Hex       0%         3d5       100%        4


Dungeon Overview and Level Annotations

Branches:
Dungeon (8/15)             Temple (1/1) D:6          Bailey (1/1)
   Lair: D:8-11

Altars:
Ashenzari
Cheibriados
Dithmenos
Fedhas
Hepliaklqana
Makhleb
Nemelex Xobeh
Qazlal
Ru
Sif Muna
Vehumet
Wu Jian
Xom

Shops:
D:6 (   D:8 *

Annotations:
D:7 2 transporters, Pokonic1's ghost, novice DsIE


Innate Abilities, Weirdness & Mutations

You are something dangerously unstable.
You glow with magical radiation, making you easy to see and hit.
Foes you strike become dangerously contaminated with magical radiation.
You are incapable of wielding weapons or throwing items.
You have a pair of antennae on your head.
A weak demonic guardian rushes to your aid.
You regenerate health from kills.
You have a small tail.
Your touch may inflict minor irresistible damage on your foes.


Message History

You hit the ogre.
The ogre shudders as magic cascades through it!
The ogre twists and deforms.
The ogre is almost dead.
Your ufetubus hits the ogre. x2; The ogre hits you with a +0 halberd!
You take 15 damage, and have 28/80 hp.
You hit the ogre.
You kill the ogre!
Your ufetubus barely misses the ogre.
Your ufetubus hits the ogre. The ogre barely misses you.
The ogre hits you from afar with a +0 halberd!
* * * LOW HITPOINT WARNING * * *
Your ufetubus hits the ogre.
Your ufetubus splashes around in the water.
You take 8 damage, and have 20/80 hp.
You feel much better.
Your ufetubus hits the ogre.
Your ufetubus hits the ogre but does no damage.
The ogre hits you from afar with a +0 halberd!
The ogre hits you from afar with a +0 halberd!!
* * * LOW HITPOINT WARNING * * *
You take 8 damage, and have 12/80 hp.
Aiming: Throw Flame
Press: ? - help, Shift-Dir - straight line, f - ogre
Aim: an ogre, wielding a +0 halberd (85% to hit)
The puff of flame hits the ogre.
The ogre is lightly wounded.
Your ufetubus splashes around in the water.
Your ufetubus hits the ogre. x2
Your ufetubus hits the ogre but does no damage.
Aiming: Throw Flame
Press: ? - help, Shift-Dir - straight line, f - ogre, p - ogre
Aim: an ogre, wielding a +0 halberd (almost dead, not watching you, ally target, 85% to hit)
The puff of flame misses the ogre.
Your ufetubus splashes around in the water.
Your ufetubus hits the ogre.
The ogre dies!
You hear a splash.
The ogre is engulfed in a cloud of scalding steam.
The ogre hits you from afar with a +0 halberd!
You die...

#######
###.....###
##.........##
##...........##
#....∩...∩....#
##...........##
##...B)....##
###5§§~~###
#~§~O~# #~~~~~#
#.......#
#.........#
#..##♣♣###..#
#..♣ #.. #..#
♣.


You could see an ogre and a friendly ufetubus (summoned).

Vanquished Creatures
  Maggie (D:8)
  Prince Ribbit (D:7)
  2 slime creatures (D:5)
  3 wyverns
  Eustachio (D:4)
  2 steam dragons (D:6)
  Menkaure (D:7)
  Duvessa (D:6)
  3 water moccasins
  2 ice beasts
  An orc warrior (D:7)
  A sky beast (D:5)
  2 ogres
  A phantom (D:5)
  4 kobold brigands
  5 scorpions
  A killer bee (D:4)
  A howler monkey (D:5)
  5 orc priests
  3 hounds
  6 jellies
  Ijyb (D:4)
  3 orc wizards
  3 iguanas
  Robin (D:2)
  10 adders
  An ufetubus (D:7)
  4 worms
  A dart slug (D:2)
  9 orcs
  10 endoplasms
  6 giant cockroaches
  8 hobgoblins
  5 jackals (D:1)
  15 kobolds
  3 quokkas
  10 ball pythons
  4 bats
  2 frilled lizards
  16 goblins
  3 rats
162 creatures vanquished.

Vanquished Creatures (collateral kills)
  A two-headed ogre (D:8)
  An orc warrior (D:6)
  An ogre (Bailey)
  Dowan (D:6)
  A howler monkey (D:6)
  2 orc priests
  A sleepcap (D:5)
  An orc wizard (D:6)
  2 orcs (D:5)
11 creatures vanquished.

Grand Total: 173 creatures vanquished

Notes
Turn   | Place    | Note
-------+----------+-------------------------------------------
     0 | D:1      | Ofeo the Demonspawn Shapeshifter began the quest for the
                  | Orb.
     0 | D:1      | Reached XP level 1. HP: 15/15 MP: 1/1
   388 | D:1      | Reached skill level 3 in Shapeshifting
   424 | D:1      | Discovered your monstrous ancestry.
   424 | D:1      | Gained mutation: Your touch may inflict minor irresistible
                  | damage on your foes. [demonic ancestry]
   424 | D:1      | Reached XP level 2. HP: 17/21 MP: 2/2
  1017 | D:2      | Gained mutation: You regenerate a little health from kills.
                  | [demonic ancestry]
  1017 | D:2      | Reached XP level 3. HP: 26/26 MP: 3/3
  1256 | D:2      | Reached skill level 4 in Shapeshifting
  2203 | D:3      | Found a radiant altar of Vehumet.
  2369 | D:3      | Found a shadowy altar of Dithmenos.
  2541 | D:3      | Noticed Robin
  2554 | D:2      | Gained mutation: A weak demonic guardian rushes to your
                  | aid. [demonic ancestry]
  2554 | D:2      | Reached XP level 4. HP: 14/32 MP: 4/4
  2914 | D:2      | Killed Robin
  3627 | D:4      | Noticed Ijyb
  3636 | D:4      | Killed Ijyb
  3790 | D:4      | Noticed a scorpion
  3798 | D:4      | Killed a scorpion
  3799 | D:4      | Reached skill level 5 in Shapeshifting
  3799 | D:4      | Gained mutation: You regenerate health from kills. [demonic
                  | ancestry]
  3799 | D:4      | Reached XP level 5. HP: 37/37 MP: 5/5
  3985 | D:4      | Noticed Eustachio
  4012 | D:4      | Killed Eustachio
  4013 | D:4      | Reached skill level 6 in Shapeshifting
  4013 | D:4      | Gained mutation: You have a pair of small antennae on your
                  | head. [demonic ancestry]
  4013 | D:4      | Reached XP level 6. HP: 36/43 MP: 6/6
  4651 | D:5      | Entered Level 5 of the Dungeon
  4661 | D:5      | Reached XP level 7. HP: 41/48 MP: 7/7
  4710 | D:5      | Reached skill level 7 in Shapeshifting
  5260 | D:5      | Noticed a slime creature
  5269 | D:5      | Killed a slime creature
  5283 | D:5      | Reached XP level 8. HP: 57/57 MP: 8/8
  5284 | D:5      | Noticed a slime creature
  5295 | D:5      | Killed a slime creature
  5689 | D:6      | Reached skill level 8 in Shapeshifting
  5694 | D:6      | Found a staircase to the Ecumenical Temple.
  5704 | D:6      | Reached skill level 5 in Unarmed Combat
  6085 | D:6      | Reached skill level 5 in Fighting
  6095 | D:6      | Gained mutation: You have a pair of antennae on your head.
                  | [demonic ancestry]
  6095 | D:6      | Reached XP level 9. HP: 56/68 MP: 9/9
  6111 | Temple   | Entered the Ecumenical Temple
  6474 | D:6      | Found Isiam's Weapon Shop.
  6815 | D:6      | Noticed Duvessa
  6815 | D:6      | Noticed Dowan
  6826 | D:6      | Killed Duvessa
  6828 | D:6      | Killed Dowan
  7854 | D:7      | Noticed a moth of wrath
  7891 | D:7      | Found a transporter.
  7897 | D:7      | Noticed Pokonic1's ghost (novice DsIE)
  7910 | D:7      | Noticed Menkaure
  8125 | D:7      | Killed Menkaure
  8276 | D:7      | Noticed Prince Ribbit
  8287 | D:7      | Reached skill level 9 in Shapeshifting
  8294 | D:7      | Killed Prince Ribbit
  8467 | D:7      | Found a sacrificial altar of Ru.
  8608 | D:7      | Found a transporter.
  8653 | D:7      | Found a broken altar of Ashenzari.
  9160 | D:8      | Gained mutation: You have a small tail. [demonic ancestry]
  9160 | D:8      | Reached XP level 10. HP: 79/79 MP: 10/10
  9165 | D:8      | Noticed Maggie
  9184 | D:8      | Killed Maggie
  9311 | D:8      | Found Tytucakhaso's General Store.
  9316 | D:8      | Bought a +1 chain mail of willpower for 214 gold pieces
  9316 | D:8      | Bought a scroll of enchant armour for 97 gold pieces
  9406 | D:8      | Noticed a two-headed ogre
  9411 | D:8      | Killed a two-headed ogre
  9619 | D:8      | Found a flagged portal.
  9631 | Bailey   | Entered a bailey
  9651 | Bailey   | Slain by an ogre

Illustrated notes

Levels and vault maps discovered:
D:1:      psy_arrival_dodecagon, layout_basic, nrook_mini_vaults,
          minmay_tromino_v4_a
D:2:      layout_basic
D:3:      layout_loops_cross, mainiacjoe_overflow_brackets,
          mainiacjoe_overflow_24_doors, chequers_serial_rivers_large_a,
          minmay_misc_feat_enclosed, uniq_robin
D:4:      layout_rooms, nzn_random_ring, uniq_eustachio, uniq_ijyb
D:5:      cheibrodos_fertilizer, layout_basic
D:6:      kennysheep_steamy, layout_layer_cave, minmay_temple_entry_sparse_star,
          serial_shops, nicolae_shop_tiny_waterfront, uniq_duvessa
D:7:      layout_cave_pools, nicolae_ru_great_annihilating_truth,
          nicolae_ashenzari_panopticon, gammafunk_ghost_berserking_beasts,
          minmay_crystal_water, uniq_prince_ribbit1, uniq_menkaure
D:8:      minmay_evil_eye, layout_cave_pods, serial_shops,
          nicolae_shop_hallway_plus, enter_bailey_3, serial_column_ruins,
          column_ruins_hut, column_ruins_square_huge, column_ruins_grid_3,
          column_ruins_columns_dead_end, column_ruins_columns_straight,
          column_ruins_open_small, column_ruins_open_tiny,
          small_chamber_with_monster, david_defended_altar_orc, uniq_maggie
Temple:   hellmonk_temple_forest_ring
Bailey:   bailey_polearm_enchanted_keep_hellmonk, bailey

Skill      XL: |  1  2  3  4  5  6  7  8  9 |
---------------+----------------------------+-----
Shapeshifting  | 3 4 5 6 7 8 9 |  9.6
Unarmed Combat | 3 5 7 |  7.5
Fighting       | 2 5 7 |  7.7
Dodging        | |  1.8

Action                     |  1- 3 |  4- 6 |  7- 9 | 10-12 || total
---------------------------+-------+-------+-------+-------++-------
  Melee: Unarmed           |    77 |    72 |   245 |    39 ||   433
         Punch             |     1 |     2 |       |       ||     3
         Touch             |     6 |    15 |    58 |     8 ||    87
         Lajatang          |    21 |    57 |       |       ||    78
         Tailslap          |       |       |       |     8 ||     8
  Evoke: Wand              |       |       |       |     2 ||     2
    Use: Scroll            |     5 |     4 |       |     1 ||    10
         Potion            |       |     1 |       |     4 ||     5
   Stab: Sleeping          |     6 |     3 |       |       ||     9
         Invisible         |       |       |     1 |       ||     1
         Paralysed         |       |       |     1 |       ||     1
 Armour: Animal skin       |    42 |    18 |       |       ||    60
         Leather armour    |       |    64 |   162 |    21 ||   247
         Chain mail        |       |     3 |       |    19 ||    22
  Dodge: Dodged            |    63 |    79 |   157 |    33 ||   332
   Form: Flux              |       |       |     1 |       ||     1

Table legend: (Time is in decaauts)
 A = Elapsed time spent in this place.
 B = Non-inter-level travel time spent in this place.
 C = Inter-level travel time spent in this place.
 D = Time resting spent in this place.
 E = Time spent auto-exploring this place.
 F = Levels seen in this place.
 G = Mean time per level.
                   A        B        C        D        E       F      G
               +--------+--------+--------+--------+--------+-----+--------+
         Total |   9665 |   9098 |    567 |    893 |   6884 |  10 |  966.5 |
       Dungeon |   9642 |   9076 |    566 |    893 |   6884 |   8 | 1205.2 |
        Temple |      1 |      0 |      1 |      0 |      0 |   1 |    1.0 |
        Bailey |     20 |     20 |      0 |      0 |      0 |   1 |   20.0 |
               +--------+--------+--------+--------+--------+-----+--------+

Top non-repeatable levels by time:
     D:6: 2005 daAuts
     D:2: 1809 daAuts
     D:5: 1377 daAuts
     D:7: 1053 daAuts
     D:3: 1051 daAuts
     D:4: 958 daAuts
     D:1: 869 daAuts
     D:8: 517 daAuts
  Bailey: 20 daAuts
  Temple: 1 daAuts
